← All builds
Geo / Armada / Economy first / OBSERVED BUILD

Standard geo

Armada Geo build order · Supreme Isthmus

Standard Geo economy into T2 constructor and Starlight/Jaguar units sent to front as usual, with support built for teammates along the way.

Usually blows up the commander for T2 (72%)

#eco #t2 #team support · 1359 distinct matches · 238 players · 55% of Armada Geo games · team won 55% of 1581 · Recently observed

HOW TO PLAY IT

Key timing: T2 constructor by 4:55

  1. Open 2 mex and wind, then Bot Lab by 0:35.
  2. Rush geothermal powerplant to fund T2 ahead of other roles.
  3. Get T2 constructor out to start building T2 units.
  4. Add Vehicle Plant and Advanced Geothermal for the T2 push.
  5. Fly first Starlight to front with a transport from Air.

Phase by phase

TYPICAL OF ITS 1359 GAMES
  1. 1
  2. 2
  3. 3
  4. 4
PLAY THE OPENING

Follow the example game's first 6:00 step by step: what to build now, what comes next, and where it goes. At 1× it keeps pace with your own game.

  1. 1

    Up to the Bot Lab

    Economy
    • Metal Extractor3Mex
    • Wind Turbine4Wind
    Order
    1. Bot LabBot Lab after 3 mex, 4 winddone ~1:11, middle half 0:58–1:21

    By 0:55 in all: 3 mex · 4 wind

    The example game in this phase · 4 steps
    1. Mex ×3
    2. Wind ×4
    3. Energy storage
    4. Bot LabBot Labdone 1:33 · typical 1:11
  2. 2

    Bot Lab to 5:00

    Economy
    • Metal Extractor2Mex
    • Wind Turbine3Wind
    • Energy Converter8Converter
    • Energy Storage1Energy storage
    Order
    1. Geothermal PowerplantGeo after 4 mex, 5 wind, 1 energy storage
    2. Bot LabEat Bot Lab
    Builders
    • Construction Turret5 Con turret
    • Lazarus4 Lazarus
    • Construction Bot2 Con bot
    • Construction Bot1 Con bot for allies
    • Lazarus1 Lazarus for allies

    By 5:00 in all: 4 mex · 7 wind · 1 geo · 8 converter · 1 energy storage · 5 con turret

    The example game in this phase · 27 steps
    1. LazarusLazarus
    2. Wind ×2
    3. LazarusLazarus
    4. Wind
    5. LazarusLazarus
    6. Construction BotCon bot
    7. Wind
    8. Construction BotCon bot
    9. LazarusLazarusfor Beach sea
    10. Construction BotCon bot
    11. Con turret
    12. Mex
    13. Geothermal PowerplantGeodone 3:33 · typical 3:29
    14. Con turret ×2
    15. Converter
    16. Con turret
    17. Converter
    18. Energy storage
    19. Converter
    20. Con turret
    21. Converter
    22. Bot LabEat Bot Labreclaimed for its metal
    23. Converter ×3
    24. Con turret
    25. Converter ×3
    26. Con turret
    27. Converter
  3. 3

    5:00 to Vehicle Plant

    Order
    1. Advanced Geothermal PowerplantAdvanced Geothermal Powerplant after 8 wind, 10 converter, 6 con turretin 57% of games
    2. Vehicle PlantVehicle Plant after 9 wind, 10 converter, 6 con turretdone ~7:06, middle half 6:38–7:32

    Some games also: con turret (49%) · converter (48%) · wind (40%)

    By 6:56 in all: 4 mex · 9 wind · 1 geo · 1 Advanced Geothermal Powerplant · 10 converter · 1 energy storage

    The example game in this phase · 10 steps
    1. Converter ×2
    2. Radar TowerRadar Tower
    3. Converter ×4
    4. Advanced Metal ExtractorT2 mex ×2done 5:45 · typical 5:38
    5. Converter
    6. Advanced Metal ExtractorT2 mex
    7. Advanced Geothermal PowerplantAdvanced Geothermal Powerplantdone 7:11 · typical 7:11
    8. Advanced Metal ExtractorT2 mex
    9. Wind
    10. Vehicle PlantVehicle Plantdone 7:33 · typical 7:06
  4. 4

    Vehicle Plant to 10:00

    Economy
    • Wind Turbine5Wind
    • Energy Converter4Converter
    Order
    1. Advanced Vehicle PlantAdvanced Vehicle Plant after 10 wind, 11 converter, 6 con turret
    2. Vehicle PlantEat Vehicle Plant
    Builders
    • Construction Vehicle1 Con vehicle
    • Advanced Construction Vehicle1 T2 con vehicle for allies
    Army
    • Starlight2 Starlight
    • Umbra1 Jammer
    • Prophet1 Radar vehicle

    Some games also: con turret (48%) · Jaguar (36%)

    By 10:00 in all: 4 mex · 18 wind · 1 geo · 1 Advanced Geothermal Powerplant · 16 converter · 1 energy storage

    The example game in this phase · 92 steps
    1. Bot LabBot Labdone 7:41
    2. Construction VehicleCon vehicle
    3. Wind
    4. TickTick
    5. Advanced Vehicle PlantAdvanced Vehicle Plantdone 8:11 · typical 8:02
    6. TickTick
    7. Vehicle PlantEat Vehicle Plantreclaimed for its metal
    8. Wind
    9. TickTick
    10. Advanced Construction VehicleT2 con vehiclefor Front
    11. Wind
    12. ProphetRadar vehicle
    13. StarlightStarlightdone 8:51 · typical 9:04
    14. Wind
    15. StarlightStarlight
    16. Wind ×2
    17. StarlightStarlight
    18. Wind
    19. UmbraJammer
    20. Advanced Construction VehicleT2 con vehicle
    21. Wind ×2
    22. CitadelAnti-nukedone 10:56
    23. Wind
    24. Construction BotCon bot ×3
    25. Wind ×3
    26. StarlightStarlight
    27. Wind
    28. Fusion ReactorFusiondone 12:02
    29. TickTick
    30. Wind
    31. ShredderShredderdone 11:32
    32. Wind ×2
    33. StarlightStarlight
    34. TickTick
    35. Wind ×3
    36. Converter
    37. T2 converter
    38. JaguarJaguar
    39. Wind
    40. Converter
    41. JaguarJaguar
    42. Wind
    43. Converter
    44. JaguarJaguar
    45. Wind
    46. JaguarJaguar
    47. Converter
    48. JaguarJaguar
    49. Wind
    50. JaguarJaguar
    51. Converter
    52. JaguarJaguar
    53. Wind
    54. JaguarJaguar ×2
    55. Converter
    56. Wind
    57. JaguarJaguar ×2
    58. Wind
    59. Converter
    60. JaguarJaguar ×2
    61. Wind
    62. Converter
    63. JaguarJaguar ×2
    64. ShredderShredder
    65. TickTick
    66. Wind
    67. Converter
    68. TickTick
    69. JaguarJaguar
    70. Wind
    71. JaguarJaguar
    72. Converter
    73. JaguarJaguar
    74. Wind
    75. JaguarJaguar
    76. LazarusLazarus
    77. Converter
    78. JaguarJaguar
    79. LazarusLazarus
    80. Wind
    81. JaguarJaguar
    82. Con turret
    83. LazarusLazarus
    84. Converter
    85. Con turret
    86. JaguarJaguar
    87. Wind
    88. Fusion ReactorFusion
    89. LazarusLazarus
    90. Con turret ×2
    91. Converter
    92. JaguarJaguar

Counts are medians over the build's games: half of them build more, half fewer. The example game is rokbe's (31 OS, 10/10/2026); pick another.

Team trades

IN AT LEAST 30% OF ITS GAMES

You hand over

  • Lazarus1 Lazarus to Beach seafirst at 2:17 · in 75% of games
  • Construction Bot1 Con bot to Beach seafirst at 2:27 · in 86% of games
  • Advanced Construction Vehicle1 T2 con vehicle to Suicide front or Frontfirst at 8:48 · in 63% of games

You get

  • Advanced Construction Bot1 T2 con bot from Techfirst at 4:53 · in 94% of games

How it plays out

Typical game of this build, running totals by minute

Metal produced

020k40k
0:005:0010:0015:00

metal

Enemy metal destroyed

05k10k15k
0:005:0010:0015:00

metal

Own metal lost

02k4k6k
0:005:0010:0015:00

metal

1581 games.

Show as table
ByMetal produced: This buildEnemy metal destroyed: This buildOwn metal lost: This build
1:0033300
2:0086100
3:00152700
4:00267100
5:00369400
6:00563600
7:00801500
8:001133500
9:00144064284
10:0017271472202
11:00201161737520
12:002298936141579
13:002573558742938
14:002858982524405
15:0031360102425550
WHAT THE NUMBERS SAY

Standard Geo play wins about half its games while destroying the most enemy metal by 15:00 among the roles shown here.

  • + Enemy metal destroyed jumps to 10560 by 15:00, highest of all six builds.
  • + Starlight makes up 34% of army, delivering the long-range T2 push.
  • − Own metal lost reaches 5977 by 15:00 from the aggressive T2 push.
  • − First Starlight only arrives in 60% of games, a late or inconsistent push.
THE EXAMPLE YOU ARE READING

rokbe

30.8 OS · 10/10/2026

Open source match ↗

1 received units · includes a constructor
2191 metal received · 236029 energy received

Allied construction assistance is unknown. Timings are observations, not a promise of solo reproducibility.

Typical milestones

Bot Lab1:11Middle 50%: 0:58–1:21 · n=1580
Geothermal Powerplant3:29Middle 50%: 3:13–3:47 · n=1572
Advanced Metal Extractor5:38Middle 50%: 5:21–6:02 · n=1572
Vehicle Plant7:06Middle 50%: 6:38–7:32 · n=1528
Advanced Geothermal Powerplant7:11Middle 50%: 6:51–7:42 · n=1146
Advanced Vehicle Plant8:02Middle 50%: 7:40–8:33 · n=1463
Starlight9:04Middle 50%: 8:32–9:47 · n=1320

Played most by

0neTw0120games of this buildzeus_on_god119games of this buildXad53games of this buildTheGeneraI47games of this buildViltrum41games of this build
Standard geo · Armada Geo build order · BAR Build Atlas